 Dungeon Crawl Stone Soup version 0.19.1-1-g22dce08 (webtiles) character file.

940 nikopol the Chopper (level 8, 0/50 HPs)
             Began as a Gargoyle Berserker on Jan 15, 2017.
             Was a Priest of Trog.
             Slain by a hippogriff (2 damage)
             ... on level 5 of the Dungeon.
             The game lasted 00:07:08 (4397 turns).

nikopol the Chopper (Gargoyle Berserker)            Turns: 4397, Time: 00:07:08

Health: 0/50       AC: 16    Str: 20    XL:     8   Next: 12%
Magic:  8/8        EV: 11    Int:  9    God:    Trog [***...]
Gold:   249        SH:  0    Dex: 11    Spells: 0 memorised, 7 levels left

rFire  . . .     SeeInvis .     a - +0 hand axe
rCold  . . .     Gourm    .     j - +0 scale mail
rNeg   + . .     Faith    .     (no shield)
rPois  ∞         Spirit   .     (no helmet)
rElec  +         Reflect  .     B - +0 cloak
rCorr  .         Harm     .     u - +0 pair of gloves (curse)
MR     .....                    C - +0 pair of boots
Stlth  ..........               (no amulet)
                                (no ring)
                                k - ring of flight

@: no status effects
A: negative energy resistance 1, electricity resistance, unbreathing,
petrification resistance, rot immunity, AC +5
a: Berserk, Trog's Hand, Burn Spellbooks, Renounce Religion, Evoke Flight


You were on level 5 of the Dungeon.
You worshipped Trog.
Trog was most pleased with you.
You were not hungry.

You visited 1 branch of the dungeon, and saw 5 of its levels.

You collected 249 gold pieces.

Inventory:

Hand Weapons
 a - a +0 hand axe (weapon)
Missiles
 f - 54 arrows (quivered)
Armour
 b - a +0 animal skin
 j - a +0 scale mail (worn)
 u - a cursed +0 pair of gloves (worn)
 B - a +0 cloak (worn)
 C - a +0 pair of boots (worn)
Jewellery
 g - an uncursed amulet of guardian spirit {unknown}
 k - a ring of flight (left hand)
 z - the ring "Mutow" {rPois rF+, unknown}
   (You found it on level 4 of the Dungeon)

   [ring of protection from fire]

   It protects you from fire.
   It protects you from poison.
Scrolls
 e - 2 scrolls of magic mapping {unknown}
 m - 2 scrolls of remove curse {unknown}
 n - 5 scrolls of identify {unknown}
 o - a scroll of immolation {unknown}
 p - 3 scrolls of recharging {unknown}
 q - 3 scrolls of enchant weapon {unknown}
 y - a scroll of teleportation {unknown}
Potions
 d - a potion of haste {unknown}
 i - a potion of heal wounds {unknown}
 l - a potion of mutation {unknown}
 s - 2 potions of resistance {unknown}
 v - a potion of might {unknown}
 x - a potion of curing {unknown}
Books
 w - a book of Cantrips

   Spells                             Type                      Level
   a - Confusing Touch                Hexes                        1
   b - Animate Skeleton               Necromancy                   1
   c - Summon Small Mammal            Summoning                    1
   d - Apportation                    Translocation                1
   Trog disapproves of the use of such an item.
Comestibles
 c - 4 bread rations
 h - 2 slices of pizza
 r - 2 meat rations
 t - a beef jerky
 A - 3 chunks of flesh


   Skills:
 + Level 5.4 Fighting
 * Level 5.6 Axes
 + Level 5.1 Armour
 + Level 3.7 Dodging


You had 7 spell levels left.
You didn't know any spells.

Dungeon Overview and Level Annotations

Branches:
Dungeon (5/15)             Temple (0/1) D:4

Altars:
Kikubaaqudgha
Yredelemnul
Zin


Innate Abilities, Weirdness & Mutations

You are resistant to torment.
Your stone body is resilient. (AC +5)
You are immune to poison.
You resist negative energy. (rN+)
You are resistant to electric shocks. (rElec)
You can survive without breathing.
You are immune to petrification.
You are immune to rotting.


Message History

The hippogriff is severely wounded.
The hippogriff completely misses you.
The hippogriff pecks you but does no damage.
The hippogriff claws you but does no damage.
You hit the hippogriff but do no damage.
The hippogriff is severely wounded.
The hippogriff bites you!
* * * LOW HITPOINT WARNING * * *
The hippogriff closely misses you.
The hippogriff claws you but does no damage.
You hit the hippogriff.
The hippogriff is severely wounded.
The hippogriff bites you but does no damage.
The hippogriff pecks you.
* * * LOW HITPOINT WARNING * * *
The hippogriff claws you but does no damage.
The hippogriff bites you!
* * * LOW HITPOINT WARNING * * *
The hippogriff pecks you.
You die...

#..##.#.# #..##.#.#
#..##.#.# #..##.#.#
#..##.#.## #..##....####
# ###..#...#...... %####
.....#.#...##.####......
###......)......@H......
#.......#.#.####..$...
####.#..###.#.# .....
.....#..# #.#.# ##.#
######..###.#.# # #
#..##....# #
###........# #
#.....#...## #
#.....##.##


You could see a hippogriff.

Vanquished Creatures
  The ghost of PeterLawrence the Cudgeler, an amateur GrFi (D:4)
  2 ogres
  A bullfrog (D:3)
  A howler monkey (D:4)
  2 crimson imps (D:5)
  2 hounds
  2 orc priests (D:4)
  A gnoll shaman (D:5)
  2 orc wizards (D:4)
  Crazy Yiuf (D:4)
  Terence (D:2)
  3 worker ants (D:4)
  3 gnolls (D:5)
  3 adders (D:2)
  A shadow imp (D:5)
  An ooze (D:3)
  2 worms (D:2)
  2 leopard geckos
  3 orcs
  4 ball pythons
  5 giant cockroaches
  4 goblins (D:2)
  6 hobgoblins
  2 quokkas (D:4)
  5 bats
  4 frilled lizards (D:3)
  4 kobolds
  A leopard gecko skeleton (D:5)
  7 rats
76 creatures vanquished.

Notes
Turn   | Place    | Note
-------+----------+-------------------------------------------
     0 | D:1      | nikopol the Gargoyle Berserker began the quest for the Orb.
     0 | D:1      | Reached XP level 1. HP: 14/14 MP: 1/1
   668 | D:1      | Reached XP level 2. HP: 19/19 MP: 2/2
   742 | D:2      | Noticed Terence
   753 | D:2      | Killed Terence
   753 | D:2      | Reached XP level 3. HP: 21/23 MP: 3/3
  1107 | D:2      | Reached XP level 4. HP: 23/29 MP: 4/4
  1143 | D:2      | Reached ** piety under Trog
  1637 | D:3      | Noticed a bullfrog
  1652 | D:3      | Killed a bullfrog
  1652 | D:3      | Reached XP level 5. HP: 5/33 MP: 5/5
  2070 | D:3      | Found a basalt altar of Yredelemnul.
  2087 | D:3      | Found a glowing silver altar of Zin.
  2090 | D:3      | Found an ancient bone altar of Kikubaaqudgha.
  2298 | D:4      | Reached XP level 6. HP: 39/39 MP: 6/6
  2531 | D:4      | Found a staircase to the Ecumenical Temple.
  2587 | D:4      | Got a glittering granite ring
  2593 | D:4      | Noticed PeterLawrence's ghost (amateur GrFi)
  2601 | D:4      | Reached XP level 7. HP: 17/44 MP: 7/7
  2613 | D:4      | Killed PeterLawrence's ghost
  2613 | D:4      | Reached skill level 5 in Fighting
  2958 | D:4      | Reached skill level 5 in Axes
  3771 | D:4      | Found a runed door.
  3775 | D:4      | Noticed Crazy Yiuf
  3788 | D:4      | Killed Crazy Yiuf
  3882 | D:5      | Entered Level 5 of the Dungeon
  3961 | D:5      | Reached skill level 5 in Armour
  3964 | D:5      | Reached *** piety under Trog
  3964 | D:5      | Reached XP level 8. HP: 21/50 MP: 8/8
  4384 | D:5      | Noticed a hippogriff
  4397 | D:5      | HP: 2/50 [hippogriff (7)]
  4397 | D:5      | Slain by a hippogriff

Skill      XL: |  1  2  3  4  5  6  7 |
---------------+----------------------+-----
Axes           | 3 4 5 |  5.6
Dodging        | 2 3 |  3.7
Armour         | 3 4 5 |  5.1
Fighting       | 4 5 |  5.4

Action                   |  1- 3 |  4- 6 |  7- 9 || total
-------------------------+-------+-------+-------++-------
Melee: Hand axe          |    78 |   154 |   136 ||   368
Invok: Berserk           |     1 |     1 |     3 ||     5
  Eat: Chunk             |     1 |     6 |     9 ||    16
Armor: Animal skin       |    10 |       |       ||    10
       Scale mail        |    24 |    86 |    74 ||   184
Dodge: Dodged            |    48 |   102 |    91 ||   241
